 Dungeon Crawl Stone Soup version 0.24.1-11-gbbbb2193e6 (webtiles) character file.

Game seed: 14019070239797415760, levelgen mode: deterministic

2937 Curus the Cruncher (level 9, -10/72 HPs)
             Began as a Minotaur Gladiator on May 10, 2020.
             Was an Initiate of Makhleb.
             Mangled by an orc warrior
             ... wielding a +0 halberd
              (36 damage)
             ... on level 7 of the Dungeon.
             The game lasted 00:33:41 (5032 turns).

Curus the Cruncher (Minotaur Gladiator)             Turns: 5032, Time: 00:33:41

Health: -10/72     AC:  8    Str: 19    XL:     9   Next: 51%
Magic:  8/8        EV: 14    Int:  7    God:    Makhleb [......]
Gold:   108        SH:  4    Dex: 13    Spells: 8/8 levels left

rFire    . . .     SeeInvis .   n - +3 quarterstaff (chaos)
rCold    . . .     Gourm    .   (shield currently unavailable)
rNeg     . . .     Faith    .   i - +2 leather armour {rPois}
rPois    +         Spirit   .   c - +1 hat
rElec    .         Reflect  +   h - +1 cloak
rCorr    +         Harm     .   (no gloves)
MR       .....                  (no boots)
Stlth    +.........             g - +4 amulet of reflection
HPRegen  0.22/turn              m - ring of resist corrosion
MPRegen  0.11/turn              (no ring)

@: no status effects
A: retaliatory headbutt, horns 2
a: Renounce Religion


You were on level 7 of the Dungeon.
You worshipped Makhleb.
Makhleb was noncommittal.
You were not hungry.

You visited 2 branches of the dungeon, and saw 8 of its levels.
You also visited: Ossuary.

You collected 387 gold pieces.
You spent 279 gold pieces at shops.

Inventory:

Hand Weapons
 a - a +0 quarterstaff
 n - a +3 quarterstaff of chaos (weapon)
Missiles
 d - 5 throwing nets (quivered)
Armour
 b - a +0 leather armour
 c - a +1 hat (worn)
 h - a +1 cloak (worn)
 i - a +2 leather armour of poison resistance (worn)
 z - the +5 ring mail of Activism {+Fly rC- Int+2}
   (You bought it in a shop on level 5 of the Dungeon)

   It affects your intelligence (+2).
   It makes you vulnerable to cold.
   It lets you fly.
Jewellery
 g - a +4 amulet of reflection (around neck)
 m - a ring of resist corrosion (left hand)
Wands
 j - a wand of polymorph (10)
 s - a wand of random effects (9)
Scrolls
 k - 8 scrolls of identify
 o - a scroll of magic mapping
 r - 2 scrolls of remove curse
 t - a scroll of fear
 y - 4 scrolls of teleportation
Potions
 e - 5 potions of curing
 l - a potion of mutation
 p - 2 potions of agility
 q - a potion of lignification
 u - 3 potions of might
 v - a potion of flight
 w - 3 potions of heal wounds
 x - a potion of brilliance
Comestibles
 f - 11 rations


   Skills:
 + Level 4.7 Fighting
 - Level 14.3 Staves
 - Level 2.0 Throwing
 + Level 5.0 Dodging


You had 8 spell levels left.
You didn't know any spells.
Your spell library contained the following spells:

 Spells                   Type           Power        Failure   Level  Hunger
 Confusing Touch          Hex            #.....       50%         1    ##.....
 Confuse                  Hex            #.......     86%         3    ####...
 Gell's Gravitas          Tloc           #.........   86%         3    ####...
 Petrify                  Tmut/Erth      #.......     99%         4    #####..
 Metabolic Englaciation   Hex/Ice        #.........   100%        5    ######.
 Yara's Violent Unravell  Hex/Tmut       #.........   100%        5    ######.


Dungeon Overview and Level Annotations

Branches:
Dungeon (7/15)             Temple (1/1) D:6         Ossuary (visited)

Altars:
Ashenzari
Elyvilon
Fedhas
Gozag
Kikubaaqudgha
Makhleb
Nemelex Xobeh
Qazlal
Ru
Uskayaw
Vehumet
Wu Jian
Yredelemnul
Zin
The Shining One

Shops:
D:5 [   D:6 :


Innate Abilities, Weirdness & Mutations

You reflexively headbutt those who attack you in melee.
You have a pair of horns on your head.


Message History

You hit the orc warrior. You burn the orc warrior.
The orc warrior is moderately wounded.
The orc warrior hits you with a +0 halberd.
You sock the orc warrior!
The orc warrior is moving more slowly.
The orc warrior is moderately wounded.
The orc warrior misses you. The shadow imp gestures at you.
You struggle to resist.
You hit the orc warrior but do no damage.
You headbutt the orc warrior, but do no damage.
The orc warrior is moderately wounded.
The orc warrior hits you with a +0 halberd!
The shadow imp hits you.
You thump the orc warrior!
The orc warrior is severely wounded.
You hit the shadow imp.
The shadow imp is heavily wounded.
The orc warrior hits you with a +0 halberd!!!
Ouch! That really hurt!
You die...

#. #. .. .. .
#.# #. #.##.###
#...5.# #
##..#@# .#.#
##.#.#o###o....
#.....5o†oo....
#.####.oo##o....
##...# ####
#.####....##.#
#............#
########....####
# #
#...........####
#


You could see an orc warrior (berserk), an orc priest, 2 shadow imps and 2 orcs.

Vanquished Creatures
  Pikel (D:6)
  2 wraiths (Ossuary)
  A water moccasin (D:5)
  Duvessa (D:5)
  3 ice beasts
  A slave (D:6)
  A black bear (D:7)
  A sky beast (D:6)
  A phantom (D:4)
  A necrophage (D:5)
  An ogre (D:7)
  A centaur (D:6)
  2 bullfrogs (D:6)
  A gnoll sergeant (D:6)
  Dowan (D:5)
  A scorpion (D:5)
  5 wights (D:6)
  A howler monkey (D:2)
  2 crimson imps
  6 hounds
  2 orc wizards
  Crazy Yiuf (D:2)
  A centaur skeleton (D:7)
  An orc priest (D:7)
  A bullfrog skeleton (D:4)
  4 worker ants (D:4)
  A hound skeleton (D:4)
  A mummy (Ossuary)
  A howler monkey zombie (D:7)
  5 gnolls (D:6)
  4 adders
  2 oozes
  An adder zombie (D:7)
  An adder skeleton (D:5)
  A worm (D:3)
  3 dart slugs
  5 leopard geckos
  12 orcs
  2 giant cockroaches
  4 goblins
  7 hobgoblins
  3 jackals (D:3)
  6 kobolds
  A ball python (D:5)
  5 bats
  5 frilled lizards
  7 gnoll skeletons (Ossuary)
  7 kobold skeletons (Ossuary)
  A leopard gecko zombie (D:7)
  11 orc skeletons (Ossuary)
  3 rats
143 creatures vanquished.

Vanquished Creatures (others)
  A phantom (D:6)
  A crimson imp (D:6)
  A hound skeleton (D:6)
3 creatures vanquished.

Grand Total: 146 creatures vanquished

Notes
Turn   | Place    | Note
-------+----------+-------------------------------------------
     0 | D:1      | Curus the Minotaur Gladiator began the quest for the Orb.
     0 | D:1      | Reached XP level 1. HP: 18/18 MP: 0/0
    65 | D:1      | Reached skill level 4 in Staves
    93 | D:1      | Reached XP level 2. HP: 25/25 MP: 1/1
   636 | D:2      | Reached skill level 5 in Staves
   720 | D:2      | Reached XP level 3. HP: 30/30 MP: 2/2
   794 | D:2      | Reached skill level 6 in Staves
   794 | D:2      | Reached XP level 4. HP: 18/37 MP: 3/3
  1098 | D:2      | Found a runed translucent door.
  1099 | D:2      | Noticed Crazy Yiuf
  1218 | D:2      | Killed Crazy Yiuf
  1453 | D:3      | Reached skill level 7 in Staves
  1453 | D:3      | Reached XP level 5. HP: 32/42 MP: 4/4
  2153 | D:4      | Reached skill level 8 in Staves
  2201 | D:4      | Reached XP level 6. HP: 46/50 MP: 5/5
  2372 | D:4      | Found a stormy altar of Qazlal.
  2385 | D:4      | Reached skill level 9 in Staves
  2672 | D:4      | Reached XP level 7. HP: 56/56 MP: 6/6
  2861 | D:5      | Entered Level 5 of the Dungeon
  2888 | D:5      | Found Woiminyci's Antique Armour Boutique.
  2946 | D:5      | Noticed Duvessa
  2947 | D:5      | Noticed Dowan
  2957 | D:5      | Found a sand-covered staircase.
  2961 | Ossuary  | Entered an ossuary
  2961 | Ossuary  | Noticed a wraith
  2961 | Ossuary  | Noticed a wraith
  2961 | Ossuary  | Noticed a wraith
  3009 | Ossuary  | Noticed a wraith
  3165 | Ossuary  | Killed a wraith
  3165 | Ossuary  | Reached skill level 10 in Staves
  3167 | Ossuary  | Killed a wraith
  3167 | Ossuary  | Reached skill level 11 in Staves
  3438 | D:5      | Killed Duvessa
  3441 | D:5      | Killed Dowan
  3441 | D:5      | Reached XP level 8. HP: 55/62 MP: 7/7
  3552 | D:5      | Reached skill level 12 in Staves
  3567 | D:5      | Found a hide-covered altar of Uskayaw.
  3790 | D:6      | Found a staircase to the Ecumenical Temple.
  3807 | Temple   | Entered the Ecumenical Temple
  3819 | Temple   | Became a worshipper of Makhleb the Destroyer
  3844 | D:6      | Found a white marble altar of Elyvilon.
  3845 | D:6      | Found a glowing silver altar of Zin.
  3845 | D:6      | Found a sparkling altar of Nemelex Xobeh.
  3847 | D:6      | Found a shattered altar of Ashenzari.
  3849 | D:6      | Reached skill level 13 in Staves
  3945 | D:6      | Found a basalt altar of Yredelemnul.
  3965 | D:6      | Found a radiant altar of Vehumet.
  3977 | D:6      | Noticed Pikel
  3989 | D:6      | Killed Pikel
  3989 | D:6      | Reached skill level 14 in Staves
  3989 | D:6      | Reached XP level 9. HP: 68/68 MP: 8/8
  4249 | D:6      | Found an ancient bone altar of Kikubaaqudgha.
  4429 | D:6      | Found Hureilesh's Book Emporium.
  4569 | D:6      | Found a glowing golden altar of the Shining One.
  4762 | D:6      | Noticed an angel
  4786 | D:5      | Bought a faintly humming ring mail for 279 gold pieces
  4793 | D:5      | Identified the +5 ring mail of Activism {+Fly rC- Int+2}
                  | (You bought it in a shop on level 5 of the Dungeon)
  5019 | D:7      | Reached skill level 5 in Dodging
  5032 | D:7      | Mangled by an orc warrior

Levels and vault maps discovered:
D:1:      psy_arrival_conway, layout_basic, minmay_tripent
D:2:      layout_basic, uniq_crazy_yiuf_cottage
D:3:      layout_loops_corners
D:4:      layout_gridville, grunt_qazlal_clouds, first_ration
D:5:      layout_rooms, eat_drink_and_be_merry_uskayaw, enter_ossuary_5,
          serial_shops, nicolae_shop_waterfront, uniq_duvessa
D:6:      layout_loops_ring, grunt_temple_overflow_holy_war, lemuel_round_altar,
          grunt_temple_overflow_open, overflow_temple_1_default,
          minmay_temple_entry_antechambers, serial_shops, shop, uniq_pikel
D:7:      layout_loops_ring
Temple:   dpeg_three_leaves_temple

Skill      XL: |  1  2  3  4  5  6  7  8  9 |
---------------+----------------------------+-----
Staves         | 4 5 6 7 8 9 11 14 | 14.3
Fighting       | 4 |  4.7
Dodging        | 5 |  5.0
Throwing       | |  2.0

Action                   |  1- 3 |  4- 6 |  7- 9 || total
-------------------------+-------+-------+-------++-------
Melee: Quarterstaff      |    61 |    96 |   209 ||   366
       Headbutt          |     7 |    16 |    37 ||    60
  Use: Potion            |     3 |     1 |     9 ||    13
       Scroll            |     4 |     4 |     5 ||    13
 Stab: Paralysed         |       |     1 |     1 ||     2
       Petrifying        |       |       |     1 ||     1
       Confused          |       |       |     2 ||     2
  Eat: Chunk             |       |     5 |     2 ||     7
       Ration            |       |       |     2 ||     2
Armor: Leather armour    |    15 |    15 |    23 ||    53
Dodge: Dodged            |    36 |    40 |    72 ||   148
Block: Other             |     3 |    14 |    14 ||    31
       Reflection        |       |     1 |       ||     1
